 Dungeon Crawl Stone Soup version 0.22-b1-26-g9dbaab1 (webtiles) character file.

59 Doobh the Sneak (level 4, -1/27 HPs)
             Began as a Kobold Assassin on Aug 6, 2018.
             Slain by a worm (10 damage)
             ... on level 2 of the Dungeon.
             The game lasted 00:05:39 (1410 turns).

Doobh the Sneak (Kobold Assassin)                   Turns: 1410, Time: 00:05:39

Health: -1/27      AC:  3    Str:  8    XL:     4   Next: 22%
Magic:  4/4        EV: 15    Int: 12    God:
Gold:   72         SH:  0    Dex: 17    Spells: 3/3 levels left

rFire    . . .     SeeInvis .   a - +2 dagger
rCold    . . .     Gourm    .   (shield restricted)
rNeg     . . .     Faith    .   c - +0 robe
rPois    .         Spirit   .   (no helmet)
rElec    .         Reflect  .   d - +0 cloak
rCorr    .         Harm     .   (no gloves)
MR       .....                  (no boots)
Stlth    +++.......             (no amulet)
HPRegen  0.09/turn              (no ring)
MPRegen  0.09/turn              (no ring)

@: no status effects
A: small, carnivore
a: no special abilities


You were on level 2 of the Dungeon.
You were completely stuffed.

You visited 1 branch of the dungeon, and saw 2 of its levels.

You collected 72 gold pieces.

Inventory:

Hand Weapons
 a - a +2 dagger (weapon)
 b - a +0 blowgun
Missiles
 i - 19 bolts
Armour
 c - a +0 robe (worn)
 d - a +0 cloak (worn)
Jewellery
 m - a cursed ring of teleportation {unknown}
Scrolls
 h - a scroll of amnesia {unknown}
 o - 2 scrolls of remove curse {unknown}
 p - a scroll of enchant weapon {unknown}
Potions
 k - a potion of curing {unknown}
 l - a potion of magic {unknown}
 n - a potion of invisibility {unknown}
Comestibles
 g - 6 rations
 j - a chunk of flesh


   Skills:
 + Level 2.8 Fighting
 + Level 3.3 Short Blades
 + Level 2.7 Throwing
 + Level 2.3 Dodging
 + Level 6.0 Stealth


You had 3 spell levels left.
You didn't know any spells.
Your spell library was empty.

Dungeon Overview and Level Annotations

Branches:
Dungeon (2/15)

Altars:


Innate Abilities, Weirdness & Mutations

You are small and have problems with some larger weapons.
You are carnivorous and can eat meat at any time.


Message History

Aim: a worm (lightly wounded, poisoned)
You shoot a curare-tipped needle.
The curare-tipped needle barely misses the worm.
Firing (i - inventory)
f - a curare-tipped needle (quivered)
Press: ? - help, Shift-Dir - straight line, f/p - worm
Aim: a worm (lightly wounded, poisoned)
You shoot a curare-tipped needle. The curare-tipped needle hits the worm.
The worm looks as sick as possible!
The worm convulses.
The worm seems to slow down.
The worm is moderately wounded.
You start resting.
The worm is too close now for your liking.
Wield which item (- for none, * to show all)? (? for menu, Esc to quit)
a - a +2 dagger (weapon)
The worm is no longer moving slowly.
The worm looks more healthy.
You barely miss the worm.
The worm is almost dead.
The worm bites you!
You die...

#..#######.# ##.#
#.....#....###..#
#.#.#..........## ######
#.#..###.####..# .....# #....#
#..###..# ####.#
###..###.......# ####.###
#.....#..##.## .......##
#[..........# ##......#
##.#@....########## ##.#.#..#
#..w.#.###........ ........#
#......# #.......# ##.##.#.#
##...### #.......### #.##w..#
#...# #......... #.##.#.# #...#
#.......# #......# #...#
#.......#
#####.#########...#####.......#
......##...w.......<.....#.####


You could see a worm.

Vanquished Creatures
  An adder (D:2)
  A worm (D:2)
  3 leopard geckos
  A giant cockroach (D:2)
  5 goblins
  6 hobgoblins
  7 jackals (D:1)
  3 kobolds (D:1)
  A ball python (D:2)
  3 bats
  3 frilled lizards
  6 rats
40 creatures vanquished.

Notes
Turn   | Place    | Note
-------+----------+-------------------------------------------
     0 | D:1      | Doobh the Kobold Assassin began the quest for the Orb.
     0 | D:1      | Reached XP level 1. HP: 12/12 MP: 1/1
    67 | D:1      | Reached XP level 2. HP: 9/17 MP: 2/2
   514 | D:1      | Reached XP level 3. HP: 21/22 MP: 3/3
  1091 | D:2      | Reached XP level 4. HP: 27/27 MP: 4/4
  1320 | D:2      | Reached skill level 6 in Stealth
  1410 | D:2      | Slain by a worm

Skill      XL: |  1  2  3  4 |
---------------+-------------+-----
Short Blades   | 3 |  3.3
Dodging        | 2 |  2.3
Stealth        | 6 |  6.0
Fighting       | |  2.8
Throwing       | |  2.7

Action                   |  1- 3 |  4- 6 || total
-------------------------+-------+-------++-------
Melee: Dagger            |   114 |    25 ||   139
 Fire: Blowgun           |       |    10 ||    10
  Use: Scroll            |     3 |       ||     3
 Stab: Sleeping          |    11 |     2 ||    13
  Eat: Chunk             |     9 |     1 ||    10
Armor: Robe              |    18 |     3 ||    21
Dodge: Dodged            |    70 |     9 ||    79
